 Dungeon Crawl Stone Soup version 0.30.1-11-g7821555f0a (webtiles) character file.

Game seed: 13070952950671853509

81 jagang the Trooper (level 4, 0/32 (37) HPs)
             Began as a Human Monk on Dec 26, 2023.
             Slain by an orc wizard
             ... wielding a +2 dagger of draining
              (4 damage)
             ... on level 2 of the Dungeon.
             The game lasted 00:03:15 (1481 turns).

jagang the Trooper (Human Monk)                     Turns: 1481, Time: 00:03:17

HP:   0/32 (37)     AC:  8    Str: 11    XL:     4   Next: 68%
MP:   13/13         EV:  6    Int: 11    God:
Gold: 100           SH:  0    Dex: 17    Spells: 3/3 levels left

rFire   . . .        k - +0 dagger (freeze)
rCold   + . .        d - orb {light}
rNeg    . . .        u - +0 chain mail
rPois   .            (no helmet)
rElec   .            (no cloak)
rCorr   .            (no gloves)
SInv    .            (no boots)
Will    .....        (no amulet) Stlth
                     f - ring of protection from cold
HPRegen 0.25/turn    m - ring of magical power
MPRegen 0.13/turn

%: no passive effects
@: confused, glowing, heavily drained
A: no striking features
a: no special abilities


You were on level 2 of the Dungeon.
You visited 1 branch of the dungeon, and saw 3 of its levels.

You collected 100 gold pieces.

Inventory:

Hand Weapons
 a - a +0 falchion
 k - a +0 dagger of freezing (weapon)
 s - the +11 sling of Neunloqy {freeze, rElec rN+ Str+2 Int-5}
   (You found it on level 2 of the Dungeon)

   Str:       It affects your strength (+2).
   Int:       It affects your intelligence (-5).
   rElec:     It insulates you from electricity.
   rN:        It protects you from negative energy.
Missiles
 p - 9 poisoned darts (quivered)
 t - 28 stones
Armour
 d - an orb of light (worn)
 u - a +0 chain mail (worn)
Jewellery
 f - a ring of protection from cold (left hand)
 m - a ring of magical power (right hand)
Scrolls
 e - a scroll of enchant weapon {unknown}
 g - 3 scrolls of vulnerability {unknown}
 h - 4 scrolls of teleportation {unknown}
 i - 4 scrolls of identify {unknown}
 o - a scroll of fog {unknown}
 r - a scroll of magic mapping {unknown}
Potions
 b - a potion of heal wounds {unknown}
 c - a potion of ambrosia
 l - a potion of invisibility {unknown}
 n - 2 potions of brilliance {unknown}
 q - a potion of attraction {unknown}


   Skills:
 + Level 3.7 Fighting
 + Level 3.6 Long Blades
 + Level 1.2 Throwing
 + Level 1.9 Armour
 - Level 3.0 Dodging


You had 3 spell levels left.
You didn't know any spells.
Your spell library contained the following spells:

 Spells                   Type           Power      Damage    Failure   Level
 Sting                    Tmut/Pois      0%         1d3       100%        1
 Portal Projectile        Hex/Tloc       0%         N/A       100%        3
 Tukima's Dance           Hex            0%         N/A       100%        3
 Blade Hands              Tmut           0%         N/A       100%        5


Dungeon Overview and Level Annotations

Branches:
Dungeon (3/15)

Altars:

Annotations:
D:3 Robin


Message History

You hit the orc priest but do no damage.
The goblin closely misses you.
The orc priest hits you but does no damage.
The orc wizard hits you but does no damage.
You feel drained.
You hit the orc priest but do no damage.
The goblin hits you but does no damage.
The orc priest hits you with a +0 dagger.
The orc wizard hits you with a +2 dagger of draining.
You feel drained.
You hit the orc priest. You freeze the orc priest.
The orc priest is lightly wounded.
The goblin hits you with a +0 club.
The orc priest hits you but does no damage.
The orc wizard casts a spell at you.
You are confused.
You bump into the rock wall.
The goblin barely misses you.
The orc priest hits you but does no damage.
The orc wizard barely misses you.
You hit the orc wizard but do no damage.
The goblin hits you with a +0 club.
The orc priest hits you with a +0 dagger.
* * * LOW HITPOINT WARNING * * *
The orc wizard casts a spell at you.
You are more confused.
You hit the orc wizard. You freeze the orc wizard.
The orc wizard is lightly wounded.
The goblin hits you with a +0 club.
* * * LOW HITPOINT WARNING * * *
The orc priest hits you with a +0 dagger.
* * * LOW HITPOINT WARNING * * *
The orc wizard barely misses you.
Okay, then.
You hit the orc priest. You freeze the orc priest.
The orc priest is moderately wounded.
The goblin hits you with a +0 club.
* * * LOW HITPOINT WARNING * * *
The orc priest barely misses you.
The orc wizard hits you with a +2 dagger of draining.
You die...

############ ####..........###
######
.....########...###########....#
^..### ###.#..............#
...### #...#########....##
...#.# ###o.## ##...... ####.#
######..g@### ####......# ##
#.###......##o[.####....#)####
.# #.#...####...........####.#
.# #.#.### #..........#####.# .#
#...# #..........# #...#
.###..## ####.#...รท## #.###
.....#########...#..#..###.#
....................##.....#
.###....######.###..######.###


You could see an orc priest, an orc wizard and a goblin.

Vanquished Creatures
  An orc priest (D:2)
  An adder (D:2)
  An orc (D:2)
  4 endoplasms
  2 giant cockroaches
  4 goblins
  6 hobgoblins
  A kobold (D:2)
  4 quokkas
  5 ball pythons
  2 bats
  3 frilled lizards
  4 rats
38 creatures vanquished.

Notes
Turn   | Place    | Note
-------+----------+-------------------------------------------
     0 | D:1      | jagang the Human Monk began the quest for the Orb.
     0 | D:1      | Reached XP level 1. HP: 18/18 MP: 1/1
   143 | D:1      | Reached XP level 2. HP: 24/24 MP: 2/2
   278 | D:1      | Reached skill level 1 in Armour
   436 | D:1      | Found a faded altar of an unknown god.
   442 | D:1      | Got Plato's Papyrus of Transmutation
   690 | D:2      | Reached XP level 3. HP: 5/29 MP: 3/3
   839 | D:2      | Identified the +11 sling of Neunloqy {freeze, rElec rN+
                  | Str+2 Int-5}
  1377 | D:2      | Reached skill level 1 in Throwing
  1377 | D:2      | Reached XP level 4. HP: 23/37 MP: 4/4
  1452 | D:3      | Noticed Robin
  1481 | D:2      | Slain by an orc wizard

Illustrated notes

Levels and vault maps discovered:
D:1:      minmay_arrival_pointy, layout_basic,
          shapermc_ecumenical_altar_rom_forum, chequers_decorated_corner
D:2:      layout_rooms
D:3:      layout_rooms, mainiacjoe_overflow_tiny_flanked, serial_shops, shop,
          chequers_serial_rivers_micro_e, roderic_roman_lattice,
          minmay_misc_feat_columns, uniq_crazy_yiuf_cottage, uniq_robin,
          uniq_ijyb

Skill      XL: |  1  2  3 |
---------------+----------+-----
Armour         | 1 |  1.9
Throwing       | 1 |  1.2
Fighting       | |  3.7
Long Blades    | |  3.6
Dodging        | |  3.0

Action                     |  1- 3 |  4- 6 || total
---------------------------+-------+-------++-------
  Melee: Falchion          |    15 |       ||    15
         Dagger            |    71 |    25 ||    96
   Fire: Sling             |    17 |       ||    17
 Armour: Robe              |     2 |       ||     2
         Ring mail         |    27 |       ||    27
         Chain mail        |    10 |    25 ||    35
  Dodge: Dodged            |    53 |    16 ||    69
